 Dungeon Crawl Stone Soup version 0.29.0 (webtiles) character file.

Game seed: 11984701133246821207

110 Dorkslayer the Trooper (level 4, -1/41 HPs)
             Began as a Hill Orc Fighter on Sept 10, 2022.
             Slain by a gnoll
             ... wielding a +0 club
              (2 damage)
             ... on level 3 of the Dungeon.
             The game lasted 00:04:12 (1287 turns).

Dorkslayer the Trooper (Hill Orc Fighter)           Turns: 1287, Time: 00:04:13

Health: -1/41      AC:  8    Str: 20    XL:     4   Next: 91%
Magic:  4/4        EV:  9    Int:  8    God:
Gold:   178        SH:  4    Dex: 10    Spells: 3/3 levels left

rFire   . . .      SeeInvis .   a - +0 war axe
rCold   . . .      Faith    .   c - +0 buckler
rNeg    . . .      Spirit   .   b - +0 scale mail
rPois   .          Reflect  .   (no helmet)
rElec   .          Harm     .   m - +0 cloak
rCorr   .          Rampage  .   (no gloves)
Will    .....                   (no boots)
Stlth   ..........              (no amulet)
HPRegen 0.13/turn               (no ring)
MPRegen 0.09/turn               (no ring)

@: mighty, attractive
A: no striking features
a: no special abilities


You were on level 3 of the Dungeon.
You visited 1 branch of the dungeon, and saw 3 of its levels.

You collected 178 gold pieces.

Inventory:

Hand Weapons
 a - a +0 war axe (weapon)
 n - a +0 hand axe of holy wrath
Missiles
 k - 3 poisoned darts (quivered)
Armour
 b - a +0 scale mail (worn)
 c - a +0 buckler (worn)
 m - a +0 cloak (worn)
Wands
 t - a wand of polymorph (7)
Scrolls
 e - 2 scrolls of identify {unknown}
 g - 2 scrolls of amnesia {unknown}
 l - 2 scrolls of teleportation {unknown}
 o - a scroll of enchant armour {unknown}
 q - a scroll of noise {unknown}
 s - a scroll of torment {unknown}
Potions
 f - a potion of heal wounds {unknown}
 h - a potion of degeneration {unknown}
 i - a potion of curing
 j - a potion of attraction
 p - a potion of cancellation {unknown}
 r - a potion of resistance {unknown}


   Skills:
 + Level 4.3 Fighting
 + Level 4.3 Axes
 + Level 3.9 Armour
 + Level 0.2 Dodging
 + Level 0.1 Stealth
 + Level 4.1 Shields


You had 3 spell levels left.
You didn't know any spells.
Your spell library contained the following spells:

 Spells                   Type           Power      Damage    Failure   Level
 Beastly Appendage        Tmut           0%         N/A       85%         1
 Wereblood                Tmut           0%         N/A       94%         2
 Spider Form              Tmut/Pois      0%         N/A       99%         3


Dungeon Overview and Level Annotations

Branches:
Dungeon (3/15)

Altars:
Fedhas


Message History

You barely miss the gnoll. The gnoll barely misses you.
The gnoll hits you but does no damage. The gnoll closely misses you.
The gnoll hits you from afar with a +0 spear.
You barely miss the gnoll. The gnoll barely misses you.
The gnoll hits you from afar with a +0 spear.
You hit the gnoll.
The gnoll is lightly wounded.
You block the gnoll's attack. The gnoll hits you but does no damage.
You closely miss the gnoll.
The gnoll is lightly wounded.
The gnoll hits you with a +0 club.
* * * LOW HITPOINT WARNING * * *
The gnoll hits you from afar with a +0 spear.
* * * LOW HITPOINT WARNING * * *
The gnoll misses you. The gnoll hits you but does no damage.
It was a potion of curing.
You feel better. The gnoll hits you with a +0 club.
The gnoll hits you but does no damage.
It was a potion of attraction.
You feel attractive to monsters. The gnoll hits you with a +0 club.
* * * LOW HITPOINT WARNING * * *
The gnoll closely misses you.
You feel very mighty all of a sudden. The gnoll hits you with a +0 club.
* * * LOW HITPOINT WARNING * * *
You block the gnoll's attack.
You hit the gnoll.
The gnoll is severely wounded.
The gnoll barely misses you. x2
You completely miss the gnoll.
The gnoll is severely wounded.
The gnoll hits you with a +0 club.
* * * LOW HITPOINT WARNING * * *
The gnoll barely misses you.
You closely miss the gnoll.
The gnoll is severely wounded.
The gnoll hits you with a +0 club.
* * * LOW HITPOINT WARNING * * *
The gnoll closely misses you. The gnoll hits you with a +0 club.
You die...

#.####.#.
###.....#.#
#......#.#
#.......#.
#......#.#
#.......#.#
#.....##.#.
####.....#.#.#
#gg@.....'# #.
#g##.....#.# #
##'#...#.#
#.....#.#
#####.# # .# .
.


You could see 3 gnolls.

Vanquished Creatures
  Crazy Yiuf (D:2)
  Terence (D:2)
  3 adders
  2 bats
  4 endoplasms
  6 hobgoblins
  3 jackals (D:1)
  A quokka (D:2)
  A ball python (D:2)
  3 frilled lizards
  2 rats (D:2)
27 creatures vanquished.

Notes
Turn   | Place    | Note
-------+----------+-------------------------------------------
     0 | D:1      | Dorkslayer the Hill Orc Fighter began the quest for the
                  | Orb.
     0 | D:1      | Reached XP level 1. HP: 19/19 MP: 1/1
   162 | D:1      | Reached XP level 2. HP: 18/27 MP: 2/2
   238 | D:1      | Found a faded altar of an unknown god.
   554 | D:2      | Reached XP level 3. HP: 31/33 MP: 3/3
   737 | D:2      | Noticed Terence
   743 | D:2      | Killed Terence
   831 | D:2      | Reached XP level 4. HP: 40/40 MP: 4/4
   852 | D:2      | Found a blossoming altar of Fedhas.
  1116 | D:2      | Found a runed translucent door.
  1117 | D:2      | Noticed Crazy Yiuf
  1123 | D:2      | Killed Crazy Yiuf
  1287 | D:3      | HP: 1/41 [gnoll/+0 club (4)]
  1287 | D:3      | Slain by a gnoll

Illustrated notes

Levels and vault maps discovered:
D:1:      lightli_arrival_maybe_door_vault, layout_rooms,
          hellmonk_ecumenical_altar_inner_sanctum
D:2:      layout_loops_ring, basic_altar, minmay_ruptured, uniq_terence,
          uniq_crazy_yiuf_cottage
D:3:      layout_basic, nicolae_hepliaklqana_hazy_memory,
          minmay_fractal_squares_gapless_5, uniq_natasha

Skill      XL: |  1  2  3  4 |
---------------+-------------+-----
Fighting       | 4 |  4.3
Axes           | 3 4 |  4.3
Shields        | 4 |  4.1
Armour         | |  3.9
Dodging        | |  0.2
Stealth        | |  0.1

Action                   |  1- 3 |  4- 6 || total
-------------------------+-------+-------++-------
Melee: War axe           |    62 |    36 ||    98
  Use: Potion            |       |     4 ||     4
Armor: Scale mail        |    40 |    19 ||    59
Dodge: Dodged            |    31 |    20 ||    51
Block: Buckler           |    18 |     8 ||    26
